 Dungeon Sprint DCSS version 0.26-a0-690-gcb57259078 (webtiles) character file.

Game seed: 4954484260856382489

395 olmar the Basher (level 6, -7/60 HPs)
             Began as a Minotaur Fighter on Oct 23, 2020.
             Was an Initiate of Gozag.
             Mangled by a shadow wraith (14 damage)
             ... in the Dungeon (Sprint VII: "The Pits").
             The game lasted 00:02:40 (663 turns).

olmar the Basher (Minotaur Fighter)                  Turns: 663, Time: 00:02:41

Health: -7/60      AC: 14    Str: 22    XL:     6   Next: 52%
Magic:  5/5        EV:  8    Int:  5    God:    Gozag
Gold:   1008       SH: 11    Dex: 10    Spells: 5/5 levels left

rFire    . . .     SeeInvis .   k - +2 mace
rCold    . . .     Faith    .   c - +0 kite shield
rNeg     . . .     Spirit   .   q - +3 chain mail
rPois    .         Reflect  .   (helmet restricted)
rElec    .         Harm     .   (no cloak)
rCorr    .         Rampage  .   (no gloves)
MR       .....     NoTele   +   (no boots)
Stlth    ..........             (no amulet)
HPRegen  0.20/turn              (no ring)
MPRegen  0.09/turn              (no ring)

@: slowed, very slow
A: retaliatory headbutt, horns 2
a: Potion Petition, Call Merchant, Bribe Branch, Renounce Religion


You were in the Dungeon.
You worshipped Gozag.
Gozag was most pleased with you.
You visited 1 branch You collected 1008 gold pieces.

Inventory:

Hand Weapons
 a - a +0 flail
 k - a +2 mace (weapon)
 p - a +1 vorpal mace
Armour
 b - a +0 scale mail
 c - a +0 kite shield (worn)
 q - a +3 chain mail (worn)
Scrolls
 j - a scroll of blinking
 m - 3 scrolls of remove curse
 n - 5 scrolls of amnesia
 o - a scroll of summoning
Potions
 d - a potion of might
 e - 6 potions of curing
 f - 4 potions of heal wounds
 g - a potion of haste
 h - 4 potions of magic
 i - 2 potions of berserk rage
 l - 2 potions of invisibility


   Skills:
 + Level 7.5 Fighting
 + Level 10.1 Maces & Flails
 + Level 9.5 Armour
 + Level 3.3 Dodging
 + Level 8.1 Shields


You had 5 spell levels left.
You didn't know any spells.
Your spell library was empty.

Dungeon Overview and Level Annotations

Branches:
Dungeon (1/1)

Altars:
Ashenzari
Cheibriados
Dithmenos
Elyvilon
Fedhas
Gozag
Hepliaklqana
Kikubaaqudgha
Makhleb
Nemelex Xobeh
Okawaru
Qazlal
Ru
Sif Muna
Trog
Uskayaw
Vehumet
Wu Jian
Xom
Yredelemnul
Zin
The Shining One
Beogh
Jiyva
Lugonu


Innate Abilities, Weirdness & Mutations

You reflexively headbutt those who attack you in melee.
You have a pair of horns on your head.


Message History

You closely miss something. You block something's attack.
Unknown command.
Unknown command.
You block something's attack.
You hit something. Your headbutt misses something.
Something hits you but does no damage.
You closely miss something. You headbutt something.
You feel yourself speed up. Something hits you!
You completely miss something. You headbutt something.
You block something's attack.
You closely miss something. Something hits you! Something drains your vigour!
You feel yourself slow down.
You closely miss something. Your headbutt misses something. Something hits you!
* * * LOW HITPOINT WARNING * * *
You hit something but do no damage. You headbutt something. Something hits you.
* * * LOW HITPOINT WARNING * * *
Something hits you!
You die...
Your body crumbles into a pile of gold.

#.#........##.......#
#$###########.......#
#$$)....# #########
#.###...# #.#.....#
#.#...#.#+#
#.....#.#.+
#...###.#'#
#......@{.#
###########


There were no monsters in sight!

Vanquished Creatures
  A flying skull (D)
  An orc warrior (D)
  A scorpion (D)
  An orc priest (D)
  Terence (D)
  2 oozes (D)
  An adder skeleton (D)
  A leopard gecko (D)
  6 orcs (D)
  A ball python (D)
  A bat skeleton (D)
  A giant cockroach (D)
  6 jackals (D)
  A quokka (D)
  A jackal zombie (D)
  A kobold (D)
27 creatures vanquished.

Notes
Turn   | Place    | Note
-------+----------+-------------------------------------------
     0 | D        | olmar the Minotaur Fighter began the quest for the Orb.
     0 | D        | Reached XP level 1. HP: 19/19 MP: 0/0
    22 | D        | Found a glowing golden altar of the Shining One.
    22 | D        | Found a glowing silver altar of Zin.
    22 | D        | Found a basalt altar of Yredelemnul.
    22 | D        | Found a shimmering altar of Xom.
    22 | D        | Found an ornate altar of the Wu Jian Council.
    22 | D        | Found a bloodstained altar of Trog.
    22 | D        | Found a shimmering blue altar of Sif Muna.
    22 | D        | Found a sacrificial altar of Ru.
    22 | D        | Found a stormy altar of Qazlal.
    22 | D        | Found an iron altar of Okawaru.
    22 | D        | Found a sparkling altar of Nemelex Xobeh.
    22 | D        | Found a burning altar of Makhleb.
    22 | D        | Found a viscous altar of Jiyva.
    22 | D        | Found a hazy altar of Hepliaklqana.
    22 | D        | Found an opulent altar of Gozag.
    22 | D        | Found a blossoming altar of Fedhas.
    22 | D        | Found a white marble altar of Elyvilon.
    22 | D        | Found a shadowy altar of Dithmenos.
    22 | D        | Found a snail-covered altar of Cheibriados.
    23 | D        | Found a radiant altar of Vehumet.
    23 | D        | Found a corrupted altar of Lugonu.
    23 | D        | Found a roughly hewn altar of Beogh.
    24 | D        | Found an ancient bone altar of Kikubaaqudgha.
    24 | D        | Found a hide-covered altar of Uskayaw.
    24 | D        | Found a broken altar of Ashenzari.
    26 | D        | Became a worshipper of Gozag Ym Sagoz the Greedy
    61 | D        | Reached XP level 2. HP: 23/28 MP: 1/1
    69 | D        | Reached skill level 3 in Maces & Flails
    91 | D        | Reached skill level 5 in Armour
   295 | D        | Reached skill level 5 in Shields
   298 | D        | Noticed Terence
   301 | D        | Killed Terence
   301 | D        | Reached skill level 5 in Fighting
   301 | D        | Reached skill level 4 in Maces & Flails
   301 | D        | Reached XP level 3. HP: 36/36 MP: 2/2
   365 | D        | Noticed an orc warrior
   383 | D        | Killed an orc warrior
   383 | D        | Reached skill level 6 in Maces & Flails
   383 | D        | Reached skill level 1 in Dodging
   383 | D        | Reached XP level 4. HP: 7/44 MP: 3/3
   383 | D        | Reached XP level 5. HP: 8/50 MP: 4/4
   386 | D        | Reached skill level 7 in Maces & Flails
   402 | D        | Reached skill level 8 in Maces & Flails
   643 | D        | Noticed a flying skull
   651 | D        | Killed a flying skull
   651 | D        | Reached skill level 10 in Maces & Flails
   651 | D        | Reached XP level 6. HP: 60/60 MP: 5/5
   663 | D        | Mangled by a shadow wraith

Illustrated notes

Levels and vault maps discovered:
D:        pitsprint [storerooms_1, entrance_room_1, metal_vault_4, armoury_1,
          mini_pit_1, grid_room_1, main_hall_1, silver_pit, the_coven_3,
          the_vestibule_1, steel_vault_2, golden_pit, hallway_of_sentries,
          crystal_vault_2, iron_vault_2, final_vault]

Skill      XL: |  1  2  3  4  5 |
---------------+----------------+-----
Fighting       | 4 5 6 7 |  7.5
Armour         | 4 5 7 9 |  9.5
Shields        | 4 6 8 |  8.1
Maces & Flails | 4 6 10 | 10.1
Dodging        | 1 3 |  3.3

Action                   |  1- 3 |  4- 6 || total
-------------------------+-------+-------++-------
Melee: Mace              |    54 |    37 ||    91
       Flail             |     7 |       ||     7
       Headbutt          |     9 |     6 ||    15
  Use: Potion            |     2 |     1 ||     3
Armor: Scale mail        |    16 |       ||    16
       Chain mail        |     1 |     8 ||     9
Dodge: Dodged            |    14 |     7 ||    21
Block: Kite shield       |    27 |    17 ||    44

Table legend: (Time is in decaauts)
 A = Elapsed time spent in this place.
 B = Non-inter-level travel time spent in this place.
 C = Inter-level travel time spent in this place.
 D = Time resting spent in this place.
 E = Time spent auto-exploring this place.
 F = Levels seen in this place.
 G = Mean time per level.
                   A        B        C        D        E       F      G
               +--------+--------+--------+--------+--------+-----+--------+
         Total |    689 |    689 |      0 |    416 |      0 |   1 |  689.0 |
       Dungeon |    689 |    689 |      0 |    416 |      0 |   1 |  689.0 |
               +--------+--------+--------+--------+--------+-----+--------+

Top non-repeatable levels by time:
       D: 689 daAuts
